 Dungeon Crawl Stone Soup version 0.27-a0-984-g00e00afbbc (webtiles) character file.

Game seed: 14527803454901761508

34594 Froggeryz the Spear-Bearer (level 14, -8/115 HPs)
             Began as a Formicid Fighter on Apr 15, 2021.
             Was the Champion of Okawaru.
             Killed from afar by a frost giant (18 damage)
             ... with a bolt of cold
             ... in an ice cave.
             The game lasted 00:15:48 (11720 turns).

Froggeryz the Spear-Bearer (Formicid Fighter)      Turns: 11720, Time: 00:15:49

Health: -8/115     AC: 22    Str: 26    XL:     14   Next: 14%
Magic:  0/21       EV: 14    Int:  8    God:    Okawaru [******]
Gold:   1487       SH: 15    Dex: 10    Spells: 13/13 levels left

rFire    + . .     SeeInvis +   q - +8 demon trident "Rift" {distort, reach+}
rCold    + . .     Faith    .   c - +1 kite shield
rNeg     . . .     Spirit   +   D - +4 chain mail {Will+}
rPois    +         Reflect  .   (helmet unavailable)
rElec    .         Harm     .   J - scarf {rC+ rF+}
rCorr    .         Rampage  .   B - +2 pair of gloves {archery}
Will     ++...                  r - +0 pair of boots
Stlth    ..........             u - amulet of guardian spirit
HPRegen  0.29/turn              l - ring of poison resistance
MPRegen  0.17/turn              G - +4 ring of evasion

@: heroic, studying Unarmed Combat
A: permanent stasis, dig shafts and tunnels, antennae 3, four strong arms
a: Dig, Renounce Religion, Heroism, Finesse


You were in an ice cave.
You worshipped Okawaru.
Okawaru was exalted by your worship.
You visited 2 branches of the dungeon, and saw 12 of its levels.
You also visited: Ice Cave.

You collected 1624 gold pieces.
You spent 137 gold pieces at shops.

Inventory:

Hand Weapons
 q - the +8 demon trident "Rift" (weapon) {distort, reach+}
   (You found it on level 4 of the Dungeon)

   It warps and distorts space around it.
   Unwielding it can cause banishment or high damage.
 A - a +6 antimagic demon trident
Missiles
 E - 15 javelins
Armour
 c - a +1 kite shield (worn)
 r - a +0 pair of boots (worn)
 z - a +0 tower shield of fire resistance
 B - a +2 pair of gloves of archery (worn)
 D - a +4 chain mail of willpower (worn)
 J - a scarf of resistance (worn)
Jewellery
 l - a ring of poison resistance (left hand)
 u - an amulet of guardian spirit (around neck)
 G - a +4 ring of evasion (right hand)
 I - a ring of flight
Wands
 a - a wand of flame (15)
 b - a wand of iceblast (20)
Scrolls
 f - 3 scrolls of enchant armour
 g - 3 scrolls of enchant weapon
 j - 2 scrolls of fear
 p - a scroll of immolation {unknown}
 t - a scroll of brand weapon
 w - a scroll of silence {unknown}
 y - a scroll of fog {unknown}
 C - a scroll of noise
Potions
 d - 3 potions of might
 e - 2 potions of attraction
 h - 4 potions of cancellation
 i - a potion of curing
 k - 4 potions of mutation
 o - a potion of ambrosia
 s - 5 potions of lignification
 v - a potion of resistance
 x - a potion of degeneration
 F - a potion of brilliance {unknown}
Miscellaneous
 H - a condenser vane


   Skills:
 + Level 12.2(17.2) Fighting
 - Level 4.2(15.2) Axes
 - Level 14.0(19.2) Polearms
 + Level 9.6(14.6) Armour
 + Level 10.8(15.8) Shields
 + Level 9.7 Invocations


You had 13 spell levels left.
You didn't know any spells.
Your spell library contained the following spells:

 Spells                   Type           Power      Damage    Failure   Level
 Beastly Appendage        Tmut           0%         N/A       86%         1
 Freeze                   Ice            0%         1d3       86%         1
 Poisonous Vapours        Pois/Air       0%         N/A       94%         2
 Wereblood                Tmut           0%         N/A       94%         2
 Conjure Flame            Conj/Fire      0%         6-21      99%         3
 Frozen Ramparts          Ice            0%         1d2       99%         3
 Mephitic Cloud           Conj/Pois/Air  0%         N/A       99%         3
 Ozocubu's Armour         Ice            0%         N/A       99%         3
 Spider Form              Tmut/Pois      0%         N/A       99%         3
 Cause Fear               Hex            0%         N/A       100%        4
 Hailstorm                Conj/Ice       0%         3d3       100%        4
 Ice Form                 Ice/Tmut       0%         N/A       100%        4
 Hydra Form               Tmut           0%         N/A       100%        5
 Irradiate                Conj/Tmut      0%         3d13      100%        5
 Metabolic Englaciation   Hex/Ice        0%         N/A       100%        5
 Silence                  Hex/Air        0%         N/A       100%        5
 Yara's Violent Unravell  Hex/Tmut       0%         3d3       100%        5
 Blade Hands              Tmut           0%         N/A       100%        6
 Freezing Cloud           Conj/Ice/Air   0%         6-21      100%        6
 Statue Form              Tmut/Erth      0%         N/A       100%        6
 Dragon Form              Tmut           0%         N/A       100%        7
 Discord                  Hex            0%         N/A       100%        8


Dungeon Overview and Level Annotations

Branches:
Dungeon (8/15)             Temple (0/1) D:6            Lair (4/6) D:8
 Shoals (0/4) Lair:2       Spider (0/4) Lair:3        IceCv (1/1)

Altars:
Cheibriados
Hepliaklqana
Kikubaaqudgha
Makhleb
Okawaru
Qazlal
Ru
Trog
Yredelemnul
The Shining One

Shops:
D:1 [*?(   D:7 *

Annotations:
Abyss:1 TotallyNotGC's ghost, adept DrIE; Zawk's ghost, journeyman TrMo


Innate Abilities, Weirdness & Mutations

You cannot be hasted, slowed, berserked, paralysed or teleported.
You can dig through walls and to a lower floor.
You have a pair of large antennae on your head. (SInv)
Your four strong arms can wield two-handed weapons with a shield.


Message History

Okay, then.
Unknown command.
Okay, then.
As you read the scroll of fear, it crumbles to dust.
You assume a fearsome visage.
The frost giant resists with some effort.
Reach: q) +8 demon trident "Rift" {distort, reach+}
Press: ? - help, Dir - move target, f/p - frost giant
Aim: a frost giant, wielding a +2 battleaxe of freezing (moderately wounded, about 9% to evade the +8 demon trident "Rift")
You barely miss the frost giant.
The frost giant is moderately wounded.
The polar bear closely misses you. You block the polar bear's attack.
The polar bear barely misses you.
Reach: q) +8 demon trident "Rift" {distort, reach+}
Press: ? - help, Dir - move target, f/p - frost giant
Aim: a frost giant, wielding a +2 battleaxe of freezing (moderately wounded, about 9% to evade the +8 demon trident "Rift")
You hit the frost giant.
Space bends around the frost giant.
The frost giant is moderately wounded.
Unknown command.
Unknown command.
Reach: q) +8 demon trident "Rift" {distort, reach+}
Press: ? - help, Dir - move target, f/p - frost giant
Aim: a frost giant, wielding a +2 battleaxe of freezing (moderately wounded, about 9% to evade the +8 demon trident "Rift")
You hit the frost giant but do no damage.
Space warps horribly around the frost giant!
The frost giant is heavily wounded.
The polar bear bites you but does no damage.
The polar bear claws you.
* * * LOW HITPOINT WARNING * * *
You block the polar bear's attack.
Unknown command.
Reach: q) +8 demon trident "Rift" {distort, reach+}
Press: ? - help, Dir - move target, f/p - frost giant
Aim: a frost giant, wielding a +2 battleaxe of freezing (heavily wounded, about 9% to evade the +8 demon trident "Rift")
You puncture the frost giant!
Space bends around the frost giant.
The frost giant is severely wounded.
The frost giant casts a spell at you.
The bolt of cold hits the polar bear!
The polar bear resists.
The bolt of cold hits you!! You resist.
You die...

#≈≈#≈#≈ ≈≈≈≈≈≈≈
≈≈≈≈≈≈≈ ≈≈#≈≈# #####
≈≈≈##### ≈≈≈≈≈#### #
≈≈##...###≈≈≈≈≈≈≈###
.#
≈#≈..##..##≈≈≈≈≈≈≈≈#
.Y.
≈≈.#####..##≈≈≈≈≈≈#
.... ####
#..#######@# ..C.#
#..#...##.Ch##...#
#######...##§†.#
##########


You could see a frost giant and a polar bear.

Vanquished Creatures
  A minotaur (Lair:2)
  2 hydras
  A catoblepas (Lair:2)
  5 death yaks
  4 black mambas
  An ice statue (Lair:3)
  4 cane toads
  A rime drake (IceCv)
  An ice devil (Lair:4)
  2 komodo dragons
  The ghost of ReteAZ the Stinger, an amateur OgVM (D:4)
  4 jumping spiders (Lair:3)
  16 polar bears
  Prince Ribbit (D:7)
  12 blink frogs
  2 wyverns
  2 redbacks (Lair:3)
  34 yaks
  2 basilisks
  A steam dragon (D:8)
  10 water moccasins
  An ice beast (D:6)
  7 necrophages
  5 ogres
  14 wolves (IceCv)
  3 black bears
  2 phantoms
  10 bullfrogs
  A wyvern zombie (D:5)
  A water moccasin zombie (D:5)
  2 scorpions (D:5)
  5 killer bees (D:8)
  3 wights (D:8)
  A howler monkey (D:6)
  4 electric eels
  A bullfrog zombie (D:5)
  3 jellies
  2 hounds
  An orc priest (D:7)
  2 orc wizards
  Robin (D:2)
  4 gnolls (D:5)
  4 adders
  A shadow imp (D:8)
  A white imp (D:5)
  4 dart slugs
  9 orcs
  3 endoplasms
  11 giant cockroaches
  15 goblins
  5 hobgoblins
  4 jackals (D:2)
  2 quokkas
  2 ball pythons
  7 bats
  4 frilled lizards
  3 rats
255 creatures vanquished.

Vanquished Creatures (others)
  A polar bear (IceCv)
  5 fungi
  18 plants
24 creatures vanquished.

Grand Total: 279 creatures vanquished

Notes
Turn   | Place    | Note
-------+----------+-------------------------------------------
     0 | D:1      | Froggeryz the Formicid Fighter began the quest for the Orb.
     0 | D:1      | Reached XP level 1. HP: 18/18 MP: 1/1
     3 | D:1      | Noticed an electric eel
     4 | D:1      | Noticed an electric eel
    29 | D:1      | Found Kirinacyss's General Store.
    34 | D:1      | Found Zebere Uden's Antique Armour Emporium.
   121 | D:1      | Reached XP level 2. HP: 24/24 MP: 2/2
   261 | D:1      | Found Ickefupt's Magic Scroll Shop.
   290 | D:1      | Found Hivoun's Antique Weapon Emporium.
   533 | D:1      | Found a faded altar of an unknown god.
   543 | D:1      | Reached XP level 3. HP: 29/29 MP: 3/3
  1466 | D:3      | Reached XP level 4. HP: 32/35 MP: 4/4
  1708 | D:3      | Noticed Robin
  1884 | D:2      | Killed Robin
  2238 | D:3      | Reached XP level 5. HP: 41/41 MP: 5/5
  2339 | D:3      | Found a hazy altar of Hepliaklqana.
  2681 | D:4      | Found a transporter.
  2681 | D:4      | Noticed ReteAZ's ghost (amateur OgVM)
  2683 | D:4      | Noticed an ogre
  2684 | D:4      | Found a transporter.
  2686 | D:4      | Noticed an ogre
  2765 | D:1      | Bought a runed war axe for 123 gold pieces
  2992 | D:4      | Found an ancient bone altar of Kikubaaqudgha.
  2998 | D:4      | Found a sacrificial altar of Ru.
  3003 | D:4      | Found a basalt altar of Yredelemnul.
  3148 | D:4      | Found the +8 demon trident "Rift" {distort, reach+}
  3218 | D:4      | Found a burning altar of Makhleb.
  3219 | D:4      | Noticed an ogre
  3222 | D:4      | Found a glowing golden altar of the Shining One.
  3226 | D:4      | Killed an ogre
  3227 | D:4      | Reached skill level 2 in Polearms
  3227 | D:4      | Reached skill level 5 in Shields
  3227 | D:4      | Reached XP level 6. HP: 9/47 MP: 6/6
  3477 | D:4      | Found a bloodstained altar of Trog.
  3485 | D:4      | Found a stormy altar of Qazlal.
  3488 | D:4      | Found an iron altar of Okawaru.
  3495 | D:4      | Became a worshipper of Warmaster Okawaru
  3619 | D:5      | Entered Level 5 of the Dungeon
  3796 | D:5      | Reached skill level 3 in Polearms
  3923 | D:5      | Reached XP level 7. HP: 48/52 MP: 7/7
  3959 | D:5      | Reached skill level 4 in Polearms
  3964 | D:5      | Reached * piety under Okawaru
  4252 | D:5      | Noticed a water moccasin
  4257 | D:5      | Killed a water moccasin
  4258 | D:5      | Reached skill level 5 in Polearms
  4265 | D:5      | Reached XP level 8. HP: 50/58 MP: 8/8
  4380 | D:5      | Reached skill level 6 in Polearms
  4511 | D:5      | Reached ** piety under Okawaru
  4828 | D:6      | Found a snail-covered altar of Cheibriados.
  5272 | D:6      | Reached skill level 7 in Polearms
  5350 | D:6      | Found a staircase to the Ecumenical Temple.
  5437 | D:6      | Reached XP level 9. HP: 50/64 MP: 5/9
  5583 | D:4      | Reached skill level 8 in Polearms
  5585 | D:4      | Killed ReteAZ's ghost
  5585 | D:4      | Reached *** piety under Okawaru
  5794 | D:7      | Noticed Prince Ribbit
  5797 | D:7      | Killed Prince Ribbit
  5797 | D:7      | Received a gift from Okawaru
  5925 | D:7      | Found Foutic's General Store.
  5928 | D:7      | Bought a potion of degeneration for 14 gold pieces
  6002 | D:7      | Reached skill level 9 in Polearms
  6171 | D:8      | Noticed a death yak
  6172 | D:8      | Found a staircase to the Lair.
  6172 | D:8      | Noticed a death yak
  6175 | D:8      | Noticed a death yak
  6182 | D:8      | Noticed a death yak
  6185 | D:7      | Killed a death yak
  6185 | D:7      | Reached **** piety under Okawaru
  6186 | D:7      | Reached skill level 10 in Polearms
  6186 | D:7      | Reached skill level 10 in Shields
  6186 | D:7      | Reached XP level 10. HP: 53/70 MP: 6/10
  6479 | D:8      | Noticed a death yak
  6480 | D:8      | Noticed a death yak
  6486 | D:8      | Reached skill level 11 in Polearms
  6496 | D:8      | Noticed a death yak
  6505 | D:8      | Killed a death yak
  6505 | D:8      | Reached ***** piety under Okawaru
  6506 | D:8      | Reached skill level 5 in Fighting
  6541 | D:7      | Killed a death yak
  6913 | D:8      | Reached XP level 11. HP: 81/81 MP: 11/11
  7062 | D:8      | Banished a death yak
  7063 | D:8      | Reached skill level 12 in Polearms
  7065 | D:8      | Banished a death yak
  7068 | D:8      | Killed a death yak
  7082 | D:8      | Killed a death yak
  7254 | D:8      | Reached skill level 13 in Polearms
  7464 | Lair:1   | Entered Level 1 of the Lair of Beasts
  7514 | Lair:1   | Noticed a seven-headed hydra
  7518 | Lair:1   | Banished a seven-headed hydra
  7541 | Lair:1   | Received a gift from Okawaru
  7635 | Lair:1   | Reached XP level 12. HP: 94/94 MP: 12/12
  7642 | Lair:1   | Reached ****** piety under Okawaru
  7650 | Lair:1   | Reached skill level 14 in Polearms
  7683 | Lair:1   | Reached skill level 1 in Invocations
  8541 | Lair:2   | Noticed a minotaur
  8541 | Lair:2   | Noticed TotallyNotGC's ghost (adept DrIE)
  8542 | Lair:2   | Noticed a six-headed hydra
  8622 | Lair:2   | Found a runed translucent gate.
  8622 | Lair:2   | Found a runed translucent gate.
  8622 | Lair:2   | Found a runed translucent gate.
  8687 | Lair:2   | Reached skill level 5 in Armour
  8725 | Lair:2   | Received a gift from Okawaru
  8796 | Lair:2   | Identified the +2 scale mail "Jaepany" {Harm rF- rCorr
                  | Int-3}
  8799 | Lair:2   | Reached skill level 5 in Invocations
  8831 | Lair:2   | Reached skill level 10 in Fighting
  8841 | Lair:2   | Found a staircase to the Shoals.
  9428 | Lair:2   | Killed a six-headed hydra
  9429 | Lair:2   | Reached XP level 13. HP: 29/104 MP: 5/17
  9778 | Lair:2   | Killed a minotaur
  9794 | Lair:2   | Banished TotallyNotGC's ghost
  9872 | Lair:3   | Noticed a four-headed hydra
  9879 | Lair:3   | Killed a four-headed hydra
 10189 | Lair:3   | Identified 3 scrolls of acquirement
 10189 | Lair:3   | Acquired 767 gold pieces
 10191 | Lair:3   | Acquired a +0 tower shield of fire resistance
 10193 | Lair:3   | Acquired a +2 pair of gloves of archery
 10296 | Lair:3   | Found a runed translucent gate.
 10296 | Lair:3   | Noticed Zawk's ghost (journeyman TrMo)
 10297 | Lair:3   | Found a runed translucent gate.
 10297 | Lair:3   | Noticed a catoblepas
 10298 | Lair:3   | Found a runed translucent gate.
 10333 | Lair:2   | Banished Zawk's ghost
 10343 | Lair:2   | Killed a catoblepas
 10688 | Lair:3   | Found a hole to the Spider Nest.
 10699 | Lair:3   | Received a gift from Okawaru
 11253 | Lair:4   | Found a frozen archway.
 11269 | IceCv    | Entered an ice cave
 11582 | IceCv    | Received a gift from Okawaru
 11588 | IceCv    | Reached XP level 14. HP: 115/115 MP: 21/21
 11671 | IceCv    | Noticed a frost giant
 11720 | IceCv    | Killed from afar by a frost giant

Illustrated notes

Levels and vault maps discovered:
D:1:      arrival_aquarium_b, layout_basic, serial_shops, shop,
          nicolae_shop_behind_doors, shop, shop,
          hellmonk_ecumenical_altar_inner_sanctum
D:2:      minmay_roachtagon, layout_basic, amcnicky_mini_pool_small
D:3:      layout_rooms, nzn_hepliaklqana_mist_gate, due_unseen_surprise,
          uniq_robin
D:4:      layout_rooms, minmay_overflow_temple_star_hex,
          minmay_overflow_temple_star_quad, gammafunk_ghost_smash, minivault_1
D:5:      layout_gridville, chequers_serial_rivers_small_3, st_stairs_7
D:6:      layout_loops_ring, lemuel_doored_altar, minmay_temple_entry_overgrown,
          minivault_27
D:7:      layout_basic, serial_shops, kennysheep_mini, uniq_prince_ribbit1
D:8:      layout_loops_cross, dpeg_lair_monsters, minmay_holes
Lair:1:   layout_long_grid, infiniplex_staircase_pool, serial_bayou_shore_a,
          grunt_megastairs_2
Lair:2:   layout_hall_layers, elwin_shoals_entry_rooms,
          maelrawn_ghost_gauntlet_escape, roderic_carrion_pond
Lair:3:   statuecave_lemuel, layout_regular_city,
          nicolae_spider_entry_tight_spaces, gammafunk_ghost_split
Lair:4:   layout_cave_pods, portal_ice_cave_demonic_guard, uniq_snorg
IceCv:    ice_cave_caverns_03

Skill      XL: |  1  2  3  4  5  6  7  8  9 10 11 12 13 |
---------------+----------------------------------------+-----
Shields        | 4 5 6 8 10 | 10.8
Axes           | 3 4 |  4.2
Polearms       | 2 3 5 7 10 11 13 14 | 14.0
Fighting       | 5 8 10 12 | 12.2
Invocations    | 6 9 |  9.7
Armour         | 6 9 |  9.6

Action                   |  1- 3 |  4- 6 |  7- 9 | 10-12 | 13-15 || total
-------------------------+-------+-------+-------+-------+-------++-------
Melee: War axe           |   102 |    94 |       |       |       ||   196
       Demon trident     |       |     3 |   115 |   329 |   268 ||   715
Invok: Heroism           |       |       |       |       |     1 ||     1
 Abil: Dig               |       |       |       |     4 |    10 ||    14
  Use: Scroll            |     2 |       |    12 |       |     8 ||    22
       Potion            |       |       |       |     1 |     3 ||     4
Armor: Scale mail        |    72 |    37 |    12 |     7 |       ||   128
       Chain mail        |       |       |       |     6 |    53 ||    59
Dodge: Dodged            |    43 |    26 |     6 |    19 |    32 ||   126
Block: Kite shield       |    67 |    47 |    21 |    48 |    86 ||   269

Table legend: (Time is in decaauts)
 A = Elapsed time spent in this place.
 B = Non-inter-level travel time spent in this place.
 C = Inter-level travel time spent in this place.
 D = Time resting spent in this place.
 E = Time spent auto-exploring this place.
 F = Levels seen in this place.
 G = Mean time per level.
                   A        B        C        D        E       F      G
               +--------+--------+--------+--------+--------+-----+--------+
         Total |  11652 |  11076 |    576 |   2010 |   7289 |  13 |  896.3 |
       Dungeon |   7540 |   7104 |    436 |   1521 |   4578 |   8 |  942.5 |
          Lair |   3710 |   3570 |    140 |    452 |   2508 |   4 |  927.5 |
      Ice Cave |    401 |    401 |      0 |     36 |    202 |   1 |  401.0 |
               +--------+--------+--------+--------+--------+-----+--------+

Top non-repeatable levels by time:
  Lair:1: 1298 daAuts
     D:2: 1261 daAuts
  Lair:3: 1228 daAuts
     D:5: 1165 daAuts
  Lair:2: 1107 daAuts
     D:4: 975 daAuts
     D:8: 906 daAuts
     D:1: 884 daAuts
     D:6: 850 daAuts
     D:7: 836 daAuts
     D:3: 660 daAuts
   IceCv: 401 daAuts
  Lair:4: 76 daAuts
